 Dungeon Crawl Stone Soup version 0.25.1-2-g60ff931df9 (webtiles) character file.

Game seed: 13154375487343472134

77 melloss the Sneak (level 4, -1/21 HPs)
             Began as a Spriggan Enchanter on Nov 10, 2020.
             Killed by nerve-wracking pain
             ... invoked by a shadow imp
              (13 damage)
             ... on level 3 of the Dungeon.
             The game lasted 00:08:44 (2440 turns).

melloss the Sneak (Spriggan Enchanter)              Turns: 2440, Time: 00:08:45

Health: -1/21      AC:  3    Str:  5    XL:     4   Next: 13%
Magic:  9/9        EV: 18    Int: 16    God:
Gold:   99         SH:  0    Dex: 16    Spells: 7/8 levels left

rFire    . . .     SeeInvis +   k - +2 rapier (venom)
rCold    . . .     Gourm    .   (shield restricted)
rNeg     . . .     Faith    .   b - +1 robe
rPois    .         Spirit   .   (helmet restricted)
rElec    .         Reflect  .   (no cloak)
rCorr    +         Harm     .   (gloves unavailable)
MR       .....                  (boots unavailable)
Stlth    +++.......             (no amulet)
HPRegen  0.07/turn              o - ring of resist corrosion
MPRegen  0.11/turn              (no ring)

@: very quick
A: very small, unfitting armour, see invisible, herbivore, speed 3, slow
metabolism 2
a: no special abilities


You were on level 3 of the Dungeon.
You were not hungry.

You visited 1 branch of the dungeon, and saw 3 of its levels.

You collected 99 gold pieces.

Inventory:

Hand Weapons
 a - a +3 short sword of draining
 f - a +0 hunting sling
 i - a +1 dagger
 k - a +2 rapier of venom (weapon)
Missiles
 e - 10 sling bullets
Armour
 b - a +1 robe (worn)
Jewellery
 j - an uncursed amulet of regeneration {unknown}
 o - a ring of resist corrosion (left hand)
Scrolls
 c - a scroll of random uselessness {unknown}
 g - a scroll of enchant weapon {unknown}
Potions
 h - 2 potions of heal wounds {unknown}
 l - 2 potions of degeneration {unknown}
 m - a potion of brilliance {unknown}
Comestibles
 d - 4 rations


   Skills:
 + Level 3.2 Short Blades
 - Level 3.0 Dodging
 + Level 6.3 Stealth
 - Level 2.6 Spellcasting
 - Level 3.6 Hexes


You had 7 spell levels left.
You knew the following spells:

 Your Spells              Type           Power        Failure   Level  Hunger
a - Corona                Hex            ##.....      4%          1    #......

Your spell library contained the following spells:

 Spells                   Type           Power        Failure   Level  Hunger
 Confusing Touch          Hex            ##......     13%         3    ###....
 Tukima's Dance           Hex            ##......     13%         3    ###....
 Ensorcelled Hibernation  Hex/Ice        #.....       14%         2    ##.....
 Dazzling Flash           Conj/Hex       #.....       28%         3    ###....


Dungeon Overview and Level Annotations

Branches:
Dungeon (3/15)

Altars:


Innate Abilities, Weirdness & Mutations

You are very small and have problems with some larger weapons.
You are too small for most types of armour.
You have supernaturally acute eyesight. (SInv)
You are a herbivore.
You cover ground extremely quickly.
You need to consume almost no food.


Message History

You struggle to resist.
You barely miss the shadow imp.
The shadow imp is severely wounded.
The shadow imp hits you.
The ooze quivers.
You hit the shadow imp.
The shadow imp is almost dead.
The shadow imp barely misses you.
You barely miss the shadow imp.
The shadow imp is almost dead.
The shadow imp gestures at you. Pain shoots through your body!
You barely miss the shadow imp.
The shadow imp is almost dead.
The shadow imp gestures at you.
You struggle to resist.
The ooze hits you. The shadow imp gestures at you.
Pain shoots through your body!
Ouch! That really hurt!
You die...

............)........>......
..........######.#.........
.....#..#.#### #.#...#####
#.#.........# #.#..<....# #
#.........# #.#.#.###....
#....†....# #.#.#.# ##
###.###..####.#.#..
#.............#.##
##.###.####@.###......
#.............5.......
#.............J..[....
#.###########.######.# #
#..# ##.# .. ... ....


You could see an ooze and a shadow imp.

Vanquished Creatures
  2 adders
  A gnoll (D:1)
  An ooze (D:2)
  A worm (D:2)
  A dart slug (D:2)
  A ball python (D:1)
  3 giant cockroaches
  4 goblins
  10 hobgoblins
  2 kobolds
  A quokka (D:2)
  4 bats
  4 frilled lizards
  2 rats (D:2)
37 creatures vanquished.

Notes
Turn   | Place    | Note
-------+----------+-------------------------------------------
     0 | D:1      | melloss the Spriggan Enchanter began the quest for the Orb.
     0 | D:1      | Reached XP level 1. HP: 9/9 MP: 5/5
   633 | D:1      | Reached skill level 5 in Stealth
   633 | D:1      | Reached XP level 2. HP: 5/13 MP: 6/6
  1567 | D:2      | Reached XP level 3. HP: 9/16 MP: 8/8
  1980 | D:2      | Reached skill level 6 in Stealth
  2407 | D:3      | Reached XP level 4. HP: 21/21 MP: 9/9
  2440 | D:3      | Killed from afar by a shadow imp

Illustrated notes

Levels and vault maps discovered:
D:1:      shiori_arrival_elements, layout_loops_ring
D:2:      layout_basic
D:3:      layout_basic, first_ration, hangedman_decor_points, minivault_27,
          tgw_fedhas

Skill      XL: |  1  2  3 |
---------------+----------+-----
Short Blades   | 2 3 |  3.2
Stealth        | 5 6 |  6.3
Dodging        | |  3.0
Spellcasting   | |  2.6
Hexes          | |  3.6

Action                   |  1- 3 |  4- 6 || total
-------------------------+-------+-------++-------
Melee: Dagger            |    47 |       ||    47
       Short sword       |    41 |       ||    41
       Rapier            |     3 |     9 ||    12
 Fire: Hunting sling     |    23 |       ||    23
 Cast: Corona            |     3 |       ||     3
  Use: Scroll            |     4 |       ||     4
 Stab: Sleeping          |     7 |     1 ||     8
Armor: Robe              |     5 |       ||     5
Dodge: Dodged            |    55 |     5 ||    60
